 Dungeon Crawl Stone Soup version 0.24.0-1-gfbc8707122 (webtiles) character file.

Game seed: 953110924859805265, levelgen mode: deterministic

2851 Howlingfantods the Grappler (level 9, -1/78 HPs)
             Began as a Minotaur Fighter on Oct 28, 2019.
             Slain by a fire bat (4 damage)
             ... on level 7 of the Dungeon on Oct 29, 2019.
             The game lasted 00:41:56 (3281 turns).

Howlingfantods the Grappler (Minotaur Fighter)      Turns: 3281, Time: 00:41:59

Health: -1/78      AC: 13    Str: 24    XL:     9   Next: 46%
Magic:  8/8        EV:  8    Int:  5    God:
Gold:   120        SH: 11    Dex: 10    Spells: 8/8 levels left

rFire    + . .     SeeInvis .   b - +1 whip (freeze)
rCold    + . .     Gourm    .   k - +0 shield
rNeg     . . .     Faith    .   g - +0 chain mail (curse)
rPois    +         Spirit   .   (helmet restricted)
rElec    +         Reflect  .   j - +0 cloak
rCorr    +         Harm     .   e - +0 pair of gloves
MR       .....                  (no boots)
Stlth    ..........             (no amulet)
HPRegen  0.23/turn              (no ring)
MPRegen  0.11/turn              (no ring)

@: resistant
A: retaliatory headbutt, horns 2
a: no special abilities


You were on level 7 of the Dungeon.
You were not hungry.

You visited 1 branch of the dungeon, and saw 7 of its levels.
You also visited: Ossuary.

You collected 120 gold pieces.

Inventory:

Hand Weapons
 a - a +1 hunting sling
 b - a +1 whip of freezing (weapon)
Missiles
 h - 16 poisoned darts (quivered)
 i - 57 sling bullets
Armour
 e - a +0 pair of gloves (worn)
 g - a cursed +0 chain mail (worn)
 j - a +0 cloak (worn)
 k - a +0 shield (worn)
 n - the cursed +0 chain mail "Nuyrac" {rF+ rN+ Regen+ Dex-2, unknown}
   (You found it on level 5 of the Dungeon)

   It affects your dexterity (-2).
   It protects you from fire.
   It protects you from negative energy.
   It increases your rate of regeneration.
   It has a curse placed upon it.
Scrolls
 l - a scroll of holy word
 m - a scroll of teleportation
 q - a scroll of identify
Potions
 c - a potion of ambrosia
 f - a potion of curing
 o - 2 potions of heal wounds
 p - 4 potions of haste
 r - 2 potions of might
Comestibles
 d - 6 rations


   Skills:
 * Level 6.7 Fighting
 + Level 1.0 Maces & Flails
 + Level 0.9(1.6) Slings
 + Level 1.8(2.0) Throwing
 * Level 6.9 Armour
 + Level 2.2 Dodging
 * Level 8.9 Shields
 * Level 9.1 Unarmed Combat


You had 8 spell levels left.
You didn't know any spells.
Your spell library was empty.

Dungeon Overview and Level Annotations

Branches:
Dungeon (7/15)            Ossuary (visited)
 Temple: D:4-7

Altars:
Dithmenos
Elyvilon
Fedhas
Hepliaklqana

Shops:
D:6 ?

Annotations:
D:7 1 transporter


Innate Abilities, Weirdness & Mutations

You reflexively headbutt those who attack you in melee.
You have a pair of horns on your head.


Message History

Your Maces & Flails skill increases to level 1!
You block the fire bat's attack. The fire bat barely misses you.
The hell hound bites you. x2
* * * LOW HITPOINT WARNING * * *
Okay, then.
Really walk into that cloud of flame?
Really walk into a travel-excluded area?
You are engulfed in blazing flames.
You resist.
* * * LOW HITPOINT WARNING * * *
The fire bat bites you but does no damage.
The fire bat bites you.
* * * LOW HITPOINT WARNING * * *
You are engulfed in flames.
You resist.
* * * LOW HITPOINT WARNING * * *
The hell hound bites you.
* * * LOW HITPOINT WARNING * * *
The fire bat bites you.
* * * LOW HITPOINT WARNING * * *
You are engulfed in flames.
You resist.
You die...

.....^..........
....##.#..###...
...............#######
........########°☼○☼°#
..#.....#○☼☼☼°°#°°.☼°##
#.....#°○○☼.°#○☼°°○##
.##.....#°°#.#.°°○°$(#.
.>.....©#☼°©..bhh○○?©#©
....##..#°☼#.#b@..○[$#.
###. ####○°☼°☼°#b.○○°##
# #○○○○☼○#○°.°°##
########○☼.°○# ######


You could see 2 hell hounds and 3 fire bats.

Vanquished Creatures
  Pikel (D:6)
  Sigmund (D:3)
  A fire bat (D:7)
  Eustachio (D:4)
  Duvessa (D:4)
  A sky beast (D:6)
  2 ogres
  A phantom (D:5)
  3 centaurs
  A big kobold (D:7)
  Dowan (D:4)
  2 scorpions (D:5)
  A water moccasin skeleton (D:5)
  2 howler monkeys
  4 crimson imps
  5 centaur zombies (Ossuary)
  A hound (D:4)
  2 jellies
  3 orc wizards
  2 bullfrog skeletons
  An iguana (D:4)
  3 worker ants
  4 big kobold zombies (Ossuary)
  5 mummies (Ossuary)
  2 worker ant zombies (D:5)
  Robin (D:4)
  4 adders
  An adder skeleton (D:4)
  2 worms
  2 leopard geckos
  12 orcs
  3 giant cockroaches
  9 goblins
  9 hobgoblins
  4 jackals (D:5)
  6 kobolds
  2 quokkas
  A ball python (D:4)
  6 bats
  A frilled lizard (D:3)
  4 hobgoblin zombies (Ossuary)
  A jackal zombie (D:5)
  4 rats
123 creatures vanquished.

Vanquished Creatures (others)
  A leopard gecko (D:6)
1 creature vanquished.

Grand Total: 124 creatures vanquished

Notes
Turn   | Place    | Note
-------+----------+-------------------------------------------
     0 | D:1      | Howlingfantods the Minotaur Fighter began the quest for the
                  | Orb.
     0 | D:1      | Reached XP level 1. HP: 19/19 MP: 0/0
    59 | D:2      | Reached XP level 2. HP: 27/27 MP: 1/1
   230 | D:3      | Reached XP level 3. HP: 33/33 MP: 2/2
   418 | D:3      | Found a blossoming altar of Fedhas.
   477 | D:3      | Reached skill level 3 in Unarmed Combat
   477 | D:3      | Reached XP level 4. HP: 35/41 MP: 3/3
   497 | D:3      | Noticed Sigmund
   503 | D:3      | Noticed a centaur
   529 | D:4      | Noticed Duvessa
   529 | D:4      | Noticed Dowan
   546 | D:4      | Killed Duvessa
   546 | D:4      | Reached skill level 5 in Shields
   546 | D:4      | Reached skill level 4 in Unarmed Combat
   546 | D:4      | Reached XP level 5. HP: 28/47 MP: 4/4
   568 | D:4      | Killed Dowan
   568 | D:4      | Reached XP level 6. HP: 10/55 MP: 5/5
   874 | D:4      | Reached skill level 5 in Fighting
   895 | D:3      | Killed Sigmund
   895 | D:3      | Reached skill level 1 in Throwing
   895 | D:3      | Reached skill level 5 in Armour
   895 | D:3      | Reached skill level 5 in Unarmed Combat
   895 | D:3      | Reached XP level 7. HP: 37/61 MP: 6/6
  1416 | D:4      | Noticed Eustachio
  1443 | D:4      | Killed Eustachio
  1512 | D:4      | Reached skill level 6 in Unarmed Combat
  1525 | D:4      | Noticed Robin
  1559 | D:4      | Killed Robin
  1680 | D:4      | Found a shadowy altar of Dithmenos.
  1681 | D:4      | Found a blossoming altar of Fedhas.
  1681 | D:4      | Found a hazy altar of Hepliaklqana.
  1681 | D:4      | Found a white marble altar of Elyvilon.
  1948 | D:5      | Entered Level 5 of the Dungeon
  2026 | D:5      | Reached skill level 1 in Dodging
  2026 | D:5      | Reached XP level 8. HP: 53/70 MP: 7/7
  2070 | D:5      | Reached skill level 7 in Unarmed Combat
  2456 | D:5      | Found a sand-covered staircase.
  2465 | Ossuary  | Entered an ossuary
  2731 | D:5      | Got a citrine-studded chain mail
  2902 | D:5      | Reached skill level 8 in Unarmed Combat
  3078 | D:6      | Noticed Pikel
  3104 | D:6      | Killed Pikel
  3104 | D:6      | Reached XP level 9. HP: 58/78 MP: 8/8
  3180 | D:6      | Reached skill level 9 in Unarmed Combat
  3203 | D:6      | Found Etrutamy's Magic Scroll Shop.
  3260 | D:7      | Found a transporter.
  3274 | D:7      | Found a transporter.
  3280 | D:7      | Reached skill level 1 in Maces & Flails
  3281 | D:7      | HP: 3/78 [fire bat (2)]
  3281 | D:7      | Slain by a fire bat

Levels and vault maps discovered:
D:1:      dpeg_arrival_orchard, layout_basic
D:2:      layout_loops_ring, marbit_many_paths, uniq_crazy_yiuf_cottage
D:3:      cheibrodos_thug_alley, layout_rooms, minivault_24, fedhas_altar_4,
          uniq_sigmund
D:4:      layout_basic, chequers_temple_overflow_statue_of_worship,
          uniq_duvessa, uniq_robin, uniq_eustachio
D:5:      layout_basic, first_ration, enter_ossuary_3, nrook_pool_corridor
D:6:      layout_rooms, serial_shops, nicolae_shop_stone, uniq_pikel
D:7:      gammafunk_cloud_chamber, layout_rooms, minmay_temple_entry_junction,
          serial_shops, shop, grunt_livestock

Skill      XL: |  1  2  3  4  5  6  7  8  9 |
---------------+----------------------------+-----
Fighting       | 4 5 6 |  6.7
Armour         | 4 5 6 |  6.9
Shields        | 4 5 6 8 |  8.9
Unarmed Combat | 3 4 5 6 8 9 |  9.1
Throwing       | 1 |  1.8
Dodging        | 1 2 |  2.2
Maces & Flails | 1 |  1.0
Slings         | |  0.9

Action                   |  1- 3 |  4- 6 |  7- 9 || total
-------------------------+-------+-------+-------++-------
Melee: Unarmed           |    71 |    56 |   325 ||   452
       Headbutt          |    14 |     7 |    54 ||    75
       Whip              |       |       |    49 ||    49
 Fire: Hunting sling     |       |       |    19 ||    19
Throw: Throwing net      |     2 |       |       ||     2
       Dart              |     3 |    18 |     5 ||    26
  Use: Potion            |     1 |     2 |     9 ||    12
       Scroll            |       |     1 |     9 ||    10
  Eat: Ration            |       |       |     2 ||     2
       Chunk             |       |       |     2 ||     2
Armor: Scale mail        |    17 |       |       ||    17
       Skin              |     1 |       |    61 ||    62
       Chain mail        |    11 |    39 |   167 ||   217
Dodge: Dodged            |    14 |    16 |    88 ||   118
Block: Shield            |    28 |    29 |   242 ||   299
